 Dungeon Crawl Stone Soup version 0.29.1-13-g9f3cf754e1 (webtiles) character file.

Game seed: 16267707188588734678

396 Exodus22XD the Covered (level 6, -1/55 HPs)
             Began as a Minotaur Fighter on Feb 4, 2023.
             Was a Priest of Jiyva.
             Slain by a sixfirhy (4 damage)
             ... summoned by a kobold demonologist
             ... on level 5 of the Dungeon.
             The game lasted 00:02:49 (3181 turns).

Exodus22XD the Covered (Minotaur Fighter)           Turns: 3181, Time: 00:02:50

Health: -1/55      AC: 14    Str: 27    XL:     6   Next: 52%
Magic:  5/5        EV:  9    Int:  4    God:    Jiyva [***...]
Gold:   166        SH:  5    Dex: 14    Spells: 5/5 levels left

rFire   . . .      SeeInvis .   i - +1 spear (vamp)
rCold   . . .      Faith    .   c - +0 buckler
rNeg    . . .      Spirit   .   b - +0 scale mail
rPois   .          Reflect  .   (helmet restricted)
rElec   .          Harm     .   (no cloak)
rCorr   +          Rampage  .   j - +0 pair of gloves
Will    .....                   (no boots)
Stlth   ..........              (no amulet)
HPRegen 1.30/turn               l - +6 ring of strength
MPRegen 0.44/turn               (no ring)

@: no status effects
A: horns 2, retaliatory headbutt, iridescent scales 3, agile 1
a: Renounce Religion, Oozemancy


You were on level 5 of the Dungeon.
You worshipped Jiyva.
Jiyva was most pleased with you.
You visited 1 branch of the dungeon, and saw 5 of its levels.

You collected 166 gold pieces.

Inventory:

Hand Weapons
 a - a +0 war axe
 i - a +1 vampiric spear (weapon)
Armour
 b - a +0 scale mail (worn)
 c - a +0 buckler (worn)
 j - a +0 pair of gloves (worn)
Jewellery
 l - a +6 ring of strength (left hand)
Wands
 t - a wand of flame (17)
Scrolls
 f - 2 scrolls of poison {unknown}
 g - a scroll of enchant armour {unknown}
 o - a scroll of teleportation {unknown}
 q - a scroll of fear {unknown}
 s - a scroll of immolation {unknown}
 u - a scroll of vulnerability {unknown}
Potions
 d - 2 potions of might
 e - 3 potions of resistance {unknown}
 h - 2 potions of heal wounds {unknown}
 k - a potion of cancellation {unknown}
 m - a potion of lignification {unknown}
 n - 2 potions of curing {unknown}
 p - 2 potions of ambrosia {unknown}
 r - a potion of haste {unknown}


   Skills:
 + Level 4.8 Fighting
 + Level 3.5(4.6) Axes
 + Level 4.4(5.1) Polearms
 + Level 5.3 Armour
 + Level 4.8 Shields


You had 5 spell levels left.
You didn't know any spells.
Your spell library was empty.

Dungeon Overview and Level Annotations

Branches:
Dungeon (5/15)
 Temple: D:4-7

Altars:
Cheibriados
Gozag
Trog
Wu Jian
Zin
Jiyva

Annotations:
D:2 1 runed translucent door, Crazy Yiuf


Innate Abilities, Weirdness & Mutations

You have a pair of horns on your head.
You reflexively headbutt those who attack you in melee.
You are completely covered in iridescent scales. (AC +6)
You are agile. (Dex +4, Str/Int -1)


Message History

The kobold demonologist is heavily wounded.
The sixfirhy hits you but does no damage.
The smoke demon hits you but does no damage. x2
The smoke demon hits you. You block the worm's attack.
The kobold demonologist barely misses you.
You hit the kobold demonologist.
You feel better.
The kobold demonologist is heavily wounded.
The sixfirhy hits you. The sixfirhy shocks you!
The sixfirhy hits you but does no damage. x2
The smoke demon hits you.
The smoke demon hits you but does no damage.
The smoke demon barely misses you. You block the sixfirhy's attack.
You barely miss the kobold demonologist.
The kobold demonologist is heavily wounded.
The sixfirhy barely misses you. The sixfirhy misses you.
The kobold demonologist gestures wildly while chanting.
The sixfirhy hits you but does no damage.
The worm bites you but does no damage.
The smoke demon hits you but does no damage.
You block the smoke demon's attack.
The smoke demon hits you but does no damage.
You hit the kobold demonologist but do no damage.
The kobold demonologist is heavily wounded.
The kobold demonologist hits you with a +0 dagger.
The worm bites you but does no damage. The smoke demon gestures at you.
The ball of steam misses you.
You hit the kobold demonologist.
The kobold demonologist is severely wounded.
You are engulfed in a cloud of scalding steam.
The kobold demonologist closely misses you.
Unknown command.
You hit the kobold demonologist.
You feel better.
The kobold demonologist is almost dead.
You are engulfed in a cloud of scalding steam.
The smoke demon gestures at you. Something smites you!
* * * LOW HITPOINT WARNING * * *
The sixfirhy hits you.
You die...

...<##.....................≈≈.##
....#.............#.......#≈≈##
..................#.......#≈≈#
..........<#..###...#.....##≈≈≈
...........###....######..# ##≈#
...............>..# #### ##
.................###
.............§§§...#
.............§.§@3.#
...........##.§wK35# ......
#........5..# .....#
##.....#...## .. ....##...# ..
.... #.... ... ####. .. ..


You could see a kobold demonologist, a sixfirhy (summoned), a smoke demon
(summoned), a worm, a shadow imp (summoned) and an ufetubus (summoned).

Vanquished Creatures
  A black bear (D:5)
  A howler monkey (D:4)
  2 hounds
  Jessica (D:3)
  2 iguanas (D:5)
  Robin (D:2)
  5 adders
  4 worms
  2 dart slugs (D:1)
  4 ball pythons
  An endoplasm (D:1)
  A giant cockroach (D:4)
  14 goblins
  12 hobgoblins
  2 jackals (D:1)
  7 kobolds
  2 quokkas
  2 bats
  3 rats
67 creatures vanquished.

Vanquished Creatures (others)
  A worm (D:3)
  An endoplasm (D:2)
  A ball python (D:2)
  A kobold (D:3)
  2 rats
  3 fungi (D:2)
9 creatures vanquished.

Grand Total: 76 creatures vanquished

Notes
Turn   | Place    | Note
-------+----------+-------------------------------------------
     0 | D:1      | Exodus22XD the Minotaur Fighter began the quest for the
                  | Orb.
     0 | D:1      | Reached XP level 1. HP: 19/19 MP: 0/0
   284 | D:1      | Reached XP level 2. HP: 24/27 MP: 1/1
   881 | D:2      | Reached skill level 4 in Armour
   897 | D:2      | Reached XP level 3. HP: 33/33 MP: 2/2
   927 | D:2      | Found a faded altar of an unknown god.
  1041 | D:2      | Prayed at the altar of an unknown god.
  1041 | D:2      | Became a worshipper of Jiyva Jetydwim the Shapeless
  1041 | D:2      | Reached * piety under Jiyva
  1420 | D:2      | Found an opulent altar of Gozag.
  1449 | D:2      | Noticed Robin
  1463 | D:2      | Reached skill level 1 in Polearms
  1471 | D:2      | Killed Robin
  1483 | D:2      | Reached XP level 4. HP: 40/40 MP: 3/3
  1493 | D:2      | You fall into a shaft and drop 1 floor!
  1505 | D:3      | Found a snail-covered altar of Cheibriados.
  1516 | D:3      | Reached ** piety under Jiyva
  1536 | D:3      | Noticed Jessica
  1543 | D:3      | Killed Jessica
  1793 | D:2      | Found a runed translucent door.
  1794 | D:2      | Noticed Crazy Yiuf
  2458 | D:4      | Found a bloodstained altar of Trog.
  2584 | D:4      | Found an ornate altar of the Wu Jian Council.
  2648 | D:4      | Reached *** piety under Jiyva
  2655 | D:4      | Reached XP level 5. HP: 40/46 MP: 4/4
  2820 | D:4      | Found a glowing silver altar of Zin.
  2903 | D:5      | Entered Level 5 of the Dungeon
  2912 | D:5      | Reached skill level 5 in Armour
  3037 | D:5      | Reached XP level 6. HP: 49/53 MP: 5/5
  3057 | D:5      | Gained mutation: You are partially covered in iridescent
                  | scales. (AC +2) [Jiyva's grace]
  3057 | D:5      | Gained mutation: You are mostly covered in iridescent
                  | scales. (AC +4) [Jiyva's grace]
  3057 | D:5      | Gained mutation: You are completely covered in iridescent
                  | scales. (AC +6) [Jiyva's grace]
  3057 | D:5      | Gained mutation: You are agile. (Dex +4, Str/Int -1)
                  | [Jiyva's grace]
  3155 | D:5      | Noticed a kobold demonologist
  3163 | D:5      | Noticed a smoke demon
  3171 | D:5      | Noticed a sixfirhy
  3181 | D:5      | Slain by a sixfirhy

Illustrated notes

Levels and vault maps discovered:
D:1:      ebering_trefoil_3fold, layout_loops_ring
D:2:      layout_loops_corners, ebering_ecumenical_altar_hall, basic_altar,
          uniq_crazy_yiuf_cottage, uniq_robin
D:3:      layout_loops_ring, slow_altar_1, uniq_jessica
D:4:      layout_cave_pools, nzn_wu_jian_contemplation, zin_scriptorium,
          trog_book, kennysheep_nub
D:5:      wander_river, layout_cave_pools, serial_rivers,
          chequers_serial_rivers_micro_d, chequers_serial_rivers_small_3,
          chequers_serial_rivers_large_a, chequers_serial_rivers_micro_a,
          chequers_serial_rivers_room_a, chequers_serial_rivers_room_a,
          kb_lookout_dungeons_type

Skill      XL: |  1  2  3  4  5  6 |
---------------+-------------------+-----
Fighting       | 4 |  4.8
Shields        | 4 |  4.8
Armour         | 4 5 |  5.3
Axes           | 3 |  3.5
Polearms       | 1 2 3 4 |  4.4

Action                   |  1- 3 |  4- 6 || total
-------------------------+-------+-------++-------
Melee: War axe           |    37 |       ||    37
       Spear             |    82 |   127 ||   209
       Headbutt          |    17 |    11 ||    28
Armor: Scale mail        |    51 |    71 ||   122
Dodge: Dodged            |    42 |    40 ||    82
Block: Buckler           |    21 |    21 ||    42
